 Dungeon Crawl Stone Soup version 0.30.1-1-g62c8e00024 (webtiles) character file.

Game seed: 830935542130519617

81 Descartes the Shield-Bearer (level 4, -2/37 HPs)
             Began as a Formicid Fighter on July 15, 2023.
             Slain by a gnoll
             ... wielding a +0 flail
              (8 damage)
             ... on level 3 of the Dungeon.
             The game lasted 00:02:33 (1120 turns).

Descartes the Shield-Bearer (Formicid Fighter)      Turns: 1120, Time: 00:02:34

Health: -2/37      AC:  8    Str: 22    XL:     4   Next: 67%
Magic:  5/5        EV:  9    Int:  8    God:
Gold:   136        SH:  5    Dex: 13    Spells: 4/4 levels left

rFire   . . .        a - +0 war axe
rCold   . . .        c - +0 buckler
rNeg    . . .        b - +0 scale mail
rPois   .            (helmet unavailable)
rElec   .            (no cloak)
rCorr   .            (no gloves)
SInv    +            j - +0 pair of boots
Will    .....        (no amulet) Stlth
                     (no ring)
HPRegen 0.26/turn    (no ring)
MPRegen 0.09/turn

%: no passive effects
@: no status effects
A: permanent stasis, dig shafts and tunnels, antennae 3, four strong arms
a: Dig, Shaft Self


You were on level 3 of the Dungeon.
You visited 1 branch of the dungeon, and saw 3 of its levels.

You collected 136 gold pieces.

Inventory:

Hand Weapons
 a - a +0 war axe (weapon)
Armour
 b - a +0 scale mail (worn)
 c - a +0 buckler (worn)
 j - a +0 pair of boots (worn)
Scrolls
 f - a scroll of vulnerability {unknown}
 h - 4 scrolls of identify {unknown}
 i - a scroll of noise {unknown}
 k - a scroll of amnesia {unknown}
 n - a scroll of immolation {unknown}
 q - a scroll of poison {unknown}
 r - a scroll of teleportation {unknown}
Potions
 d - a potion of might
 e - a potion of degeneration {unknown}
 g - a potion of lignification {unknown}
 l - a potion of flight {unknown}
 m - a potion of magic {unknown}
 o - a potion of haste {unknown}
 p - a potion of resistance {unknown}


   Skills:
 * Level 3.8 Fighting
 + Level 2.3 Axes
 + Level 3.5 Armour
 + Level 4.3 Shields
 + Level 0.9 Spellcasting
 * Level 2.3 Earth Magic
 + Level 1.1 Evocations


You had 4 spell levels left.
You didn't know any spells.
Your spell library contained the following spells:

 Spells                   Type           Power      Damage    Failure   Level
 Ignite Poison            Fire/Tmut/Pois 0%         N/A       98%         3
 Sticky Flame             Conj/Fire      0%         2d3       100%        4
 Ignition                 Fire           0%         3d3       100%        8


Dungeon Overview and Level Annotations

Branches:
Dungeon (3/15)

Altars:


Innate Abilities, Weirdness & Mutations

You cannot be hasted, slowed, berserked, paralysed or teleported.
You can dig through walls and to a lower floor.
You have a pair of large antennae on your head. (SInv)
Your four strong arms can wield two-handed weapons with a shield.


Message History

You slash the gnoll!
You kill the gnoll!
You closely miss the gnoll. The gnoll barely misses you.
You block the gnoll's attack. x2
You hit the gnoll.
The gnoll is lightly wounded.
You hit the gnoll. The gnoll hits you with a +0 flail.
The gnoll completely misses you.
The gnoll hits you from afar with a +0 halberd.
You hit the gnoll.
The gnoll is severely wounded.
You hit the gnoll. The gnoll hits you with a +0 flail.
You block the gnoll's attack.
The gnoll hits you from afar with a +0 halberd.
You are too injured to fight recklessly!
You are too injured to fight recklessly!
You are too injured to fight recklessly!
You are too injured to fight recklessly!
You are too injured to fight recklessly!
You are too injured to fight recklessly!
You are too injured to fight recklessly!
You are too injured to fight recklessly!
You are too injured to fight recklessly!
You are too injured to fight recklessly!
You are too injured to fight recklessly!
You are too injured to fight recklessly!
You are too injured to fight recklessly!
You are too injured to fight recklessly!
You are too injured to fight recklessly!
Unknown command.
You slash the gnoll!
You kill the gnoll!
You hit the gnoll. The gnoll closely misses you. The gnoll misses you.
The gnoll hits you from afar with a +0 halberd!
* * * LOW HITPOINT WARNING * * *
The gnoll hits you but does no damage.
Your life force feels restored.
The gnoll attacks as you move away! The gnoll completely misses you.
The gnoll attacks as you move away! The gnoll hits you with a +0 flail!
You die...

##.....#..#
.......#..#
#.g...#
#.....###.#
#.### #.#
###g#
#.#####...#
#......g#.#
#######@#...
#.##### #.#
#<# ###


You could see 2 gnolls.

Vanquished Creatures
  2 gnolls (D:3)
  An adder (D:2)
  2 endoplasms
  3 giant cockroaches
  7 goblins
  4 hobgoblins
  8 jackals
  2 kobolds
  2 quokkas (D:2)
  6 ball pythons
  3 bats
  3 frilled lizards
  3 rats
46 creatures vanquished.

Notes
Turn   | Place    | Note
-------+----------+-------------------------------------------
     0 | D:1      | Descartes the Formicid Fighter began the quest for the Orb.
     0 | D:1      | Reached XP level 1. HP: 18/18 MP: 1/1
   174 | D:1      | Reached XP level 2. HP: 24/24 MP: 2/2
   259 | D:1      | Reached skill level 1 in Earth Magic
   322 | D:1      | Reached XP level 3. HP: 12/23 MP: 3/3
   750 | D:2      | Reached XP level 4. HP: 34/34 MP: 4/4
   908 | D:2      | Reached skill level 1 in Evocations
   942 | D:2      | Found a faded altar of an unknown god.
  1120 | D:3      | Slain by a gnoll

Illustrated notes

Levels and vault maps discovered:
D:1:      saegor_arrival_simple_b, layout_basic, serial_glass, glass_columns_a,
          glass_columns_c, glass_columns_b, glass_columns_b, glass_columns_b,
          glass_columns_a, glass_columns_a, glass_columns_c, glass_columns_b,
          glass_columns_a, minmay_vboxes
D:2:      layout_rooms, dreamdust_ecumenical_altar_angels_and_demons
D:3:      layout_basic, uniq_jessica, uniq_ijyb, uniq_natasha

Skill      XL: |  1  2  3  4 |
---------------+-------------+-----
Earth Magic    | 1 2 |  2.3
Evocations     | 1 |  1.1
Fighting       | |  3.8
Axes           | |  2.3
Armour         | |  3.5
Shields        | |  4.3
Spellcasting   | |  0.9

Action                     |  1- 3 |  4- 6 || total
---------------------------+-------+-------++-------
  Melee: War axe           |    76 |    32 ||   108
 Armour: Scale mail        |    61 |    15 ||    76
  Dodge: Dodged            |    40 |    17 ||    57
  Block: Buckler           |    30 |    11 ||    41
